 Dungeon Sprint DCSS version 0.28-a0-863-g8cecda6153 (webtiles) character file.

Game seed: 9128659011843310931

1491 kae the Grappler (level 8, -8/90 HPs)
             Began as a Grey Draconian Transmuter on Nov 18, 2021.
             Was an Initiate of Ru.
             Mangled by Sonja (9 damage)
             ... in the Dungeon (Sprint I: "Red Sonja").
             The game lasted 00:01:57 (1149 turns).

kae the Grappler (Grey Draconian Transmuter)        Turns: 1149, Time: 00:01:58

Health: -8/90      AC:  8    Str: 13    XL:     8   Next: 51%
Magic:  17/19      EV: 12    Int: 16    God:    Ru [......]
Gold:   907        SH:  0    Dex: 11    Spells: 14/22 levels left

rFire   x . .      SeeInvis .     - Unarmed
rCold   + + +      Faith    .   (shield currently unavailable)
rNeg    . . .      Spirit   .   (armour unavailable)
rPois   +          Reflect  .   (helmet currently unavailable)
rElec   .          Harm     .   (cloak currently unavailable)
rCorr   .          Rampage  .   (gloves currently unavailable)
Will    .....      NoTele   +   (boots currently unavailable)
Stlth   +.........              (no amulet)
HPRegen 0.25/turn               (no ring)
MPRegen 0.16/turn               (no ring)

@: ice-form
A: freezing attack, boosted hp, AC +11, amphibious, large, unfitting armour,
(cold-blooded)
a: End Transformation, Renounce Religion


You were in the Dungeon.
You worshipped Ru.
Ru was noncommittal.
You were a creature of crystalline ice.
You visited 1 branch You collected 907 gold pieces.

Inventory:

Potions
 a - a potion of curing
 b - a potion of heal wounds
 c - a potion of haste
 d - 2 potions of magic


   Skills:
 + Level 8.7 Fighting
 + Level 7.6 Dodging
 + Level 9.0 Unarmed Combat
 + Level 7.5 Spellcasting
 + Level 8.1 Transmutations
 + Level 6.5 Ice Magic
 - Level 1.0 Poison Magic


You had 14 spell levels left.
You knew the following spells:

 Your Spells              Type           Power      Damage    Failure   Level
a - Beastly Appendage     Tmut           64%        N/A       1%          1
b - Spider Form           Tmut/Pois      20%        N/A       5%          3
c - Ice Form              Ice/Tmut       29%        N/A       6%          4

Your spell library contained the following spells:

 Spells                   Type           Power      Damage    Failure   Level
 Wereblood                Tmut           32%        N/A       1%          2


Dungeon Overview and Level Annotations

Branches:
Dungeon (1/1)

Altars:
Cheibriados
Dithmenos
Elyvilon
Fedhas
Gozag
Hepliaklqana
Kikubaaqudgha
Makhleb
Nemelex Xobeh
Okawaru
Qazlal
Ru
Sif Muna
Trog
Uskayaw
Vehumet
Wu Jian
Xom
Yredelemnul
Zin
The Shining One
Jiyva
Lugonu

Shops:
D (

Annotations:
D Sonja


Innate Abilities, Weirdness & Mutations

You are a creature of crystalline ice.
You have a powerful freezing melee attack.
Your maximum health is increased.
Your armour is entirely melded.
You are incapable of wielding weapons or throwing items.
((Your dull iron-grey scales are very hard. (AC +11)))
You are amphibious.
You cannot fit into any form of body armour.
((You are cold-blooded and may be slowed by cold attacks.))


Message History

Sonja barely misses you. x2
You closely miss Sonja.
Sonja is moderately wounded.
Sonja mumbles some strange words.
Sonja blinks!
You close the door.
Sonja opens the door.
You closely miss Sonja.
Sonja is moderately wounded.
Sonja hits you with a +0 short sword of distortion.
Space warps around you.
Sonja hits you with a +0 short sword of distortion.
Space warps horribly around you! Sonja completely misses you.
You hit Sonja. You freeze Sonja.
Sonja is moderately wounded.
Sonja hits you with a +0 short sword of distortion!
Sonja closely misses you.
Sonja hits you with a +0 short sword of distortion!
You miss Sonja.
Sonja is moderately wounded.
Sonja hits you with a +0 short sword of distortion!
Space warps around you.
* * * LOW HITPOINT WARNING * * *
Sonja hits you with a +0 short sword of distortion.
* * * LOW HITPOINT WARNING * * *
Space warps around you.
* * * LOW HITPOINT WARNING * * *
Sonja barely misses you.
You closely miss Sonja.
Sonja is moderately wounded.
Sonja barely misses you. x2; Sonja hits you but does no damage.
Space warps around you.
* * * LOW HITPOINT WARNING * * *
You punch Sonja! You freeze Sonja.
Sonja is almost dead.
Sonja hits you with a +0 short sword of distortion!
* * * LOW HITPOINT WARNING * * *
Sonja hits you with a +0 short sword of distortion!
* * * LOW HITPOINT WARNING * * *
Space warps horribly around you!
You die...

#..').#..').#..'..+s.#...##+#
#..#####'#####)#__####..§ss.#
#..####..#...#)#### #####..+
#..#__####..##)# ##
#..#_____##'#_.+
#⌠⌠#_.∩...'..._#
####_..__##_.#'#
#_____###K#.# ####### #Y###
+$.$+ #$.$# ##.## #+#


You could see Sonja (strong).

Vanquished Creatures
  A demonic crawler (D)
  2 kobold demonologists (D)
  A slime creature (D)
  A yak (D)
  Sigmund (D)
  A floating eye (D)
  An ogre (D)
  A jelly (D)
  Ijyb (D)
10 creatures vanquished.

Notes
Turn   | Place    | Note
-------+----------+-------------------------------------------
     0 | D        | kae the Draconian Transmuter began the quest for the Orb.
     0 | D        | Reached XP level 1. HP: 16/16 MP: 3/3
     4 | D        | Noticed Ijyb
    10 | D        | Killed Ijyb
    11 | D        | Reached XP level 2. HP: 11/25 MP: 2/5
   178 | D        | Noticed an ogre
   183 | D        | Killed an ogre
   184 | D        | Reached skill level 5 in Unarmed Combat
   184 | D        | Reached XP level 3. HP: 34/34 MP: 5/8
   184 | D        | Reached XP level 4. HP: 41/41 MP: 6/10
   216 | D        | Learned a level 3 spell: Spider Form
   221 | D        | Learned a level 4 spell: Ice Form
   277 | D        | Noticed Sigmund
   287 | D        | Killed Sigmund
   288 | D        | Reached skill level 5 in Fighting
   288 | D        | Reached skill level 6 in Unarmed Combat
   288 | D        | Reached skill level 5 in Spellcasting
   288 | D        | Reached skill level 5 in Transmutations
   288 | D        | Reached skill level 1 in Poison Magic
   288 | D        | Reached XP level 5. HP: 31/50 MP: 8/12
   423 | D        | Found an ornate altar of the Wu Jian Council.
   423 | D        | Found a shimmering blue altar of Sif Muna.
   427 | D        | Found a radiant altar of Vehumet.
   434 | D        | Reached skill level 5 in Dodging
   434 | D        | Reached XP level 6. HP: 46/57 MP: 10/13
   453 | D        | Found Zudyheo's Antique Weapon Emporium.
   453 | D        | Found an ancient bone altar of Kikubaaqudgha.
   453 | D        | Found a hazy altar of Hepliaklqana.
   453 | D        | Found a stormy altar of Qazlal.
   453 | D        | Found a hide-covered altar of Uskayaw.
   453 | D        | Found a blossoming altar of Fedhas.
   453 | D        | Found a bloodstained altar of Trog.
   453 | D        | Found an iron altar of Okawaru.
   453 | D        | Found a basalt altar of Yredelemnul.
   453 | D        | Found a glowing golden altar of the Shining One.
   453 | D        | Found a snail-covered altar of Cheibriados.
   453 | D        | Found a sacrificial altar of Ru.
   453 | D        | Found a glowing silver altar of Zin.
   453 | D        | Found a shadowy altar of Dithmenos.
   453 | D        | Found a white marble altar of Elyvilon.
   453 | D        | Noticed a yak
   461 | D        | Killed a yak
   462 | D        | Reached skill level 7 in Unarmed Combat
   462 | D        | Found an opulent altar of Gozag.
   463 | D        | Found a sparkling altar of Nemelex Xobeh.
   688 | D        | Became a worshipper of Ru the Awakened
   701 | D        | Identified a scroll of acquirement
   701 | D        | Acquired 502 gold pieces
   709 | D        | Found a viscous altar of Jiyva.
   709 | D        | Found a corrupted altar of Lugonu.
   709 | D        | Noticed a slime creature
   710 | D        | Found a burning altar of Makhleb.
   710 | D        | Found a shimmering altar of Xom.
   721 | D        | Killed a slime creature
   722 | D        | Your scales start taking on a dull iron-grey colour.
   722 | D        | Reached XP level 7. HP: 32/66 MP: 11/16
   947 | D        | Noticed a kobold demonologist
   949 | D        | Noticed a kobold demonologist
   958 | D        | Noticed an ice devil
   962 | D        | Paralysed by a floating eye for 3 turns
   966 | D        | Noticed a sun demon
   966 | D        | Killed a kobold demonologist
   967 | D        | Reached skill level 8 in Unarmed Combat
   967 | D        | Reached skill level 5 in Ice Magic
   969 | D        | Noticed a red devil
   974 | D        | Killed a kobold demonologist
   975 | D        | Reached XP level 8. HP: 68/75 MP: 16/18
  1068 | D        | Noticed a demonic crawler
  1068 | D        | Noticed a demonic crawler
  1068 | D        | Noticed a demonic crawler
  1068 | D        | Noticed a demonic crawler
  1081 | D        | Killed a demonic crawler
  1082 | D        | Reached skill level 9 in Unarmed Combat
  1138 | D        | Noticed Sonja
  1149 | D        | HP: 1/90 [Sonja (8)]
  1149 | D        | Mangled by Sonja

Illustrated notes

Levels and vault maps discovered:
D:        dungeon_sprint_1 [red_sonja_temple_1, red_sonja_temple_small_1]

Skill      XL: |  1  2  3  4  5  6  7  8 |
---------------+-------------------------+-----
Fighting       | 2 4 5 7 8 |  8.7
Dodging        | 2 4 5 6 7 |  7.6
Transmutations | 3 4 5 6 7 8 |  8.1
Unarmed Combat | 5 6 7 8 9 |  9.0
Spellcasting   | 4 5 6 7 |  7.5
Ice Magic      | 2 3 4 6 |  6.5
Poison Magic   | 1 |  1.0

Action                   |  1- 3 |  4- 6 |  7- 9 || total
-------------------------+-------+-------+-------++-------
Melee: Unarmed           |    10 |    30 |    29 ||    69
       Kick              |     3 |       |       ||     3
       Headbutt          |     1 |       |       ||     1
       Tailslap          |     1 |       |       ||     1
 Cast: Beastly Appendage |     1 |       |       ||     1
       Spider Form       |       |     2 |       ||     2
       Ice Form          |       |     2 |     4 ||     6
  Use: Potion            |     1 |       |       ||     1
       Scroll            |       |     1 |     1 ||     2
Armor: Skin              |     1 |     1 |    14 ||    16
Dodge: Dodged            |     2 |    13 |    17 ||    32

Table legend: (Time is in decaauts)
 A = Elapsed time spent in this place.
 B = Non-inter-level travel time spent in this place.
 C = Inter-level travel time spent in this place.
 D = Time resting spent in this place.
 E = Time spent auto-exploring this place.
 F = Levels seen in this place.
 G = Mean time per level.
                   A        B        C        D        E       F      G
               +--------+--------+--------+--------+--------+-----+--------+
         Total |   1149 |   1149 |      0 |    842 |     76 |   1 | 1149.0 |
       Dungeon |   1149 |   1149 |      0 |    842 |     76 |   1 | 1149.0 |
               +--------+--------+--------+--------+--------+-----+--------+

Top non-repeatable levels by time:
       D: 1149 daAuts
